 Dungeon Crawl Stone Soup version 0.25-a0-583-g696c2ac64d (webtiles) character file.

Game seed: 6431750620672202447, levelgen mode: deterministic

607060 Amnesiac the Ogreish Ballista (level 27, -6/323 HPs)
             Began as an Ogre Fighter on Mar 8, 2020.
             Was the Champion of Okawaru.
             Mangled by Reffusul the pandemonium lord (42 damage)
             ... on level 2 of the Realm of Zot.
             The game lasted 02:26:47 (59070 turns).

Amnesiac the Ogreish Ballista (Ogre Fighter)       Turns: 59070, Time: 02:26:47

Health: -6/323     AC: 32    Str: 48      XL:     27
Magic:  18/23      EV: 14    Int:  9 (10) God:    Okawaru [******]
Gold:   4005       SH: 28    Dex: 10      Spells: 22/26 levels left

rFire    + + .     SeeInvis .   a - +11 long sword "Leviticus" {freeze, *Noise Str+9 Stlth+}
rCold    + + .     Gourm    .   Y - -5 tower shield "Xixotyaxzi" {Str+4 Slay+5}
rNeg     . . .     Faith    .   X - +10 gold dragon scales of Heresy {+Fly rPois rF+ rC+ Str+4}
rPois    +         Spirit   .   D - +2 hat {Int+3}
rElec    .         Reflect  +   C - scarf {repulsion}
rCorr    +         Harm     .   (gloves unavailable)
MR       ++...     Rnd*Rage +   (boots unavailable)
Stlth    ..........             c - brooch of Shielding {Reflect SH+8}
HPRegen  0.63/turn              w - ring "Loguirgh" {*Drain rPois rF+ rC+ Slay+6}
MPRegen  0.18/turn              n - ring of resist corrosion

@: finesse, repel missiles
A: large, unfitting armour, horns 1, berserk 1, clumsy 1, deterioration 1, dopey
1, low mp 2, tough skin 1, weak 1, subdued magic 1
0: Orb of Zot
}: 3/15 runes: barnacled, slimy, gossamer
a: Heroism, Finesse, Renounce Religion, Evoke Flight


You were on level 2 of the Realm of Zot.
You worshipped Okawaru.
Okawaru was exalted by your worship.
You were very full.

You visited 11 branches of the dungeon, and saw 51 of its levels.
You also visited: Sewer, Bailey, Gauntlet, Ice Cave and Volcano.

You collected 8965 gold pieces.
You spent 4960 gold pieces at shops.

Inventory:

Hand Weapons
 a - the +11 long sword "Leviticus" (weapon) {freeze, *Noise Str+9 Stlth+}
   (You found it on level 9 of the Dungeon)

   It has been specially enchanted to freeze those struck by it, causing extra
   injury to most foes and up to half again as much damage against particularly
   susceptible opponents.
   It can also slow down cold-blooded creatures.
   It affects your strength (+9).
   It may make noises in combat.
   It makes you more stealthy.
 J - the +5 hand crossbow "Ajealaqe" {venom, rPois rF+ Str+2, unknown}
   (Okawaru gifted it to you on level 5 of the Realm of Zot)

   It poisons the ammo it fires.
   It affects your strength (+2).
   It protects you from fire.
   It protects you from poison.
Missiles
 b - 4 atropa-tipped darts
 g - 19 curare-tipped darts
 k - 634 stones
 l - 362 sling bullets
 q - 13 large rocks (quivered)
 r - 139 poisoned darts
 s - 28 datura-tipped darts
 A - 15 boomerangs of dispersal
 G - 71 javelins
 M - 52 silver javelins
 S - 6 throwing nets
 T - 7 silver boomerangs
 U - 67 boomerangs
Armour
 v - a +0 cloak of poison resistance
 C - a scarf of repulsion (worn)
 D - a +2 hat of intelligence (worn)
 X - the +10 gold dragon scales of Heresy (worn) {+Fly rPois rF+ rC+ Str+4}
   (You acquired it on level 1 of the Depths)

   It affects your strength (+4).
   It protects you from fire.
   It protects you from cold.
   It protects you from poison.
   It lets you fly.
 Y - the -5 tower shield "Xixotyaxzi" (worn) {Str+4 Slay+5}
   (Okawaru gifted it to you on level 1 of the Orcish Mines)

   It affects your strength (+4).
   It affects your accuracy and damage with ranged weapons and melee attacks
   (+5).
Jewellery
 c - the brooch of Shielding (around neck) {Reflect SH+8}
   (You bought it in a shop on level 7 of the Dungeon)

   [amulet of reflection]

   It shields you and reflects attacks.
   It affects your SH (+8).
 h - the ring of the Several Blessings {rPois MR+ Str-2 Int+6 SInv}
   (You found it on level 2 of the Spider Nest)

   [ring of protection from magic]

   It affects your strength (-2).
   It affects your intelligence (+6).
   It protects you from poison.
   It affects your resistance to hostile enchantments.
   It lets you see invisible.
 n - a ring of resist corrosion (right hand)
 w - the ring "Loguirgh" (left hand) {*Drain rPois rF+ rC+ Slay+6}
   (You bought it in a shop on level 2 of the Orcish Mines)

   [ring of protection from cold]

   It affects your accuracy and damage with ranged weapons and melee attacks
   (+6).
   It protects you from fire.
   It protects you from cold.
   It protects you from poison.
   It causes draining when unequipped.
 z - the ring "Qawal" {+Blink rPois rN+ Stlth-}
   (You found it on level 5 of the Pits of Slime)

   [ring of attention]

   It protects you from poison.
   It protects you from negative energy.
   It lets you blink.
   It makes you less stealthy.
 V - the ring of Due Proportion {*Contam rF+ rN++ MR+ Stlth+}
   (You found it on level 5 of the Pits of Slime)

   [ring of stealth]

   It protects you from fire.
   It greatly protects you from negative energy.
   It affects your resistance to hostile enchantments.
   It causes magical contamination when unequipped.
   It makes you more stealthy.
Wands
 F - a wand of clouds (6)
 K - a wand of enslavement (18)
 L - a wand of digging (24)
Scrolls
 j - 27 scrolls of remove curse {!r}
 o - 7 scrolls of fear {!r}
 p - 9 scrolls of blinking {!r}
 t - 20 scrolls of teleportation {!r}
 x - 4 scrolls of fog {!r}
 y - 10 scrolls of identify {!r}
 B - 5 scrolls of summoning {!r}
 H - 5 scrolls of magic mapping {!r}
Potions
 d - 11 potions of might {!q}
 e - 8 potions of flight {!q}
 i - 5 potions of mutation {!q}
 m - 4 potions of brilliance {!q}
 u - 3 potions of magic {!q}
 E - 2 potions of invisibility {!q}
 N - 19 potions of curing {!q}
 O - 4 potions of haste {!q}
 P - 3 potions of resistance {!q}
 R - 4 potions of cancellation {!q}
 W - 11 potions of heal wounds {!q}
Miscellaneous
 Z - a phial of floods
Comestibles
 f - 84 rations


   Skills:
 O Level 27 Fighting
 - Level 2.0 Long Blades
 O Level 27 Throwing
 + Level 13.6 Armour
 + Level 20.1 Dodging
 - Level 15.0 Shields
 - Level 8.0 Invocations
 - Level 4.0 Evocations


You had 22 spell levels left.
You knew the following spells:

 Your Spells              Type           Power        Failure   Level  Hunger
b - Passwall              Tmut/Erth      #.......     98%         2    ###....
v - Blink                 Tloc           N/A          98%         2    ###....

Your spell library contained the following spells:

 Spells                   Type           Power        Failure   Level  Hunger
 Animate Skeleton         Necr           N/A          93%         1    ##.....
 Apportation              Tloc           #.....       93%         1    ##.....
 Corona                   Hex            #......      93%         1    ##.....
 Foxfire                  Conj/Fire      #...         93%         1    ##.....
 Freeze                   Ice            #...         93%         1    ##.....
 Infusion                 Chrm           #...         93%         1    ##.....
 Magic Dart               Conj           #...         93%         1    ##.....
 Sandblast                Erth           #.....       93%         1    ##.....
 Shock                    Conj/Air       #...         93%         1    ##.....
 Summon Butterflies       Summ           #.......     93%         1    ##.....
 Summon Small Mammal      Summ           #...         93%         1    ##.....
 Call Imp                 Summ           #.......     98%         2    ###....
 Ensorcelled Hibernation  Hex/Ice        #.....       98%         2    ###....
 Poisonous Vapours        Pois/Air       #.....       98%         2    ###....
 Searing Ray              Conj           #.....       98%         2    ###....
 Shroud of Golubria       Chrm/Tloc      #.....       98%         2    ###....
 Slow                     Hex            #.......     98%         2    ###....
 Song of Slaying          Chrm           #.......     98%         2    ###....
 Swiftness                Chrm/Air       #.......     98%         2    ###....
 Call Canine Familiar     Summ           #.......     100%        3    ####...
 Confusing Touch          Hex            #.......     100%        3    ####...
 Conjure Flame            Conj/Fire      #.......     100%        3    ####...
 Dazzling Flash           Conj/Hex       #.....       100%        3    ####...
 Frozen Ramparts          Ice            #.....       100%        3    ####...
 Gell's Gravitas          Tloc           #.........   100%        3    ####...
 Ignite Poison            Fire/Tmut/Pois #.......     100%        3    ####...
 Inner Flame              Hex/Fire       #.......     100%        3    ####...
 Mephitic Cloud           Conj/Pois/Air  #.......     100%        3    ####...
 Ozocubu's Armour         Chrm/Ice       #.......     100%        3    ####...
 Portal Projectile        Hex/Tloc       #.....       100%        3    ####...
 Recall                   Summ/Tloc      N/A          100%        3    ####...
 Spectral Weapon          Hex/Chrm       #.......     100%        3    ####...
 Spider Form              Tmut/Pois      #.........   100%        3    ####...
 Static Discharge         Conj/Air       #.......     100%        3    ####...
 Stone Arrow              Conj/Erth      #.....       100%        3    ####...
 Summon Guardian Golem    Hex/Summ       #.......     100%        3    ####...
 Tukima's Dance           Hex            #.......     100%        3    ####...
 Airstrike                Air            #.........   100%        4    #####..
 Fulminant Prism          Conj/Hex       #.........   100%        4    #####..
 Hailstorm                Conj/Ice       #.......     100%        4    #####..
 Ice Form                 Ice/Tmut       #.......     100%        4    #####..
 Iskenderun's Mystic Bla  Conj/Tloc      #.......     100%        4    #####..
 Petrify                  Tmut/Erth      #.......     100%        4    #####..
 Sticky Flame             Conj/Fire      #.......     100%        4    #####..
 Summon Ice Beast         Ice/Summ       #.......     100%        4    #####..
 Summon Lightning Spire   Summ/Air       #.......     100%        4    #####..
 Aura of Abjuration       Summ           #.........   100%        5    ######.
 Bolt of Magma            Conj/Fire/Erth #.........   100%        5    ######.
 Borgnjor's Vile Clutch   Necr/Erth      #.........   100%        5    ######.
 Fireball                 Conj/Fire      #.........   100%        5    ######.
 Irradiate                Conj/Tmut      #.........   100%        5    ######.
 Lee's Rapid Deconstruct  Erth           #.........   100%        5    ######.
 Lightning Bolt           Conj/Air       #.........   100%        5    ######.
 Metabolic Englaciation   Hex/Ice        #.........   100%        5    ######.
 Summon Demon             Summ           #.........   100%        5    ######.
 Summon Forest            Summ/Tloc      #.........   100%        5    ######.
 Summon Mana Viper        Hex/Summ       #.......     100%        5    ######.
 Yara's Violent Unravell  Hex/Tmut       #.........   100%        5    ######.
 Darkness                 Hex            #.........   100%        6    #######
 Dispersal                Tloc           #.........   100%        6    #######
 Eringya's Noxious Bog    Tmut/Pois      #.........   100%        6    #######
 Freezing Cloud           Conj/Ice/Air   #.........   100%        6    #######
 Hydra Form               Tmut           #.........   100%        6    #######
 Invisibility             Hex            #.......     100%        6    #######
 Iron Shot                Conj/Erth      #.........   100%        6    #######
 Ozocubu's Refrigeration  Ice            #.........   100%        6    #######
 Shadow Creatures         Summ           N/A          100%        6    #######
 Simulacrum               Ice/Necr       #.........   100%        6    #######
 Starburst                Conj/Fire      #.........   100%        6    #######
 Statue Form              Tmut/Erth      #........    100%        6    #######
 Dragon Form              Tmut           #.........   100%        7    #######
 Haunt                    Necr/Summ      #.........   100%        7    #######
 Ring of Flames           Chrm/Fire      #.........   100%        7    #######
 Spellforged Servitor     Conj/Summ      #.........   100%        7    #######
 Summon Hydra             Summ           #.........   100%        7    #######
 Borgnjor's Revivificati  Necr           #.........   100%        8    #######
 Controlled Blink         Tloc           N/A          100%        8    #######
 Death's Door             Chrm/Necr      #.........   100%        8    #######
 Disjunction              Tloc           #.........   100%        8    #######
 Ignition                 Fire           #.........   100%        8    #######
 Infestation              Necr           #.........   100%        8    #######
 Necromutation            Tmut/Necr      #.........   100%        8    #######
 Shatter                  Erth           #.........   100%        9    #######
 Tornado                  Air            #.........   100%        9    #######
 Passage of Golubria      Tloc           Unusable     N/A         4    N/A

Dungeon Overview and Level Annotations

Branches:
Dungeon (15/15)            Temple (1/1) D:5            Lair (6/6) D:9
 Shoals (4/4) Lair:3       Spider (4/4) Lair:2        Slime (5/5) Lair:6
    Orc (2/2) D:12            Elf (3/3) Orc:2        Vaults (0/5) D:14
 Depths (5/5) D:15           Hell (visited)             Dis (0/7) Hell
    Geh (0/7) Hell            Coc (0/7) Hell            Tar (0/7) Hell
    Zot (5/5) Depths:5      Sewer (visited)          Bailey (visited)
  IceCv (visited)         Volcano (visited)         Gauntlet (visited)

Altars:
Ashenzari
Cheibriados
Dithmenos
Elyvilon
Fedhas
Gozag
Hepliaklqana
Kikubaaqudgha
Makhleb
Nemelex Xobeh
Okawaru
Qazlal
Ru
Sif Muna
Trog
Uskayaw
Vehumet
Wu Jian
Xom
Yredelemnul
Zin
The Shining One
Beogh
Jiyva

Shops:
D:7 [[!=   Orc:2 !=[:(*?:}   Elf:1 !   Elf:2 (   Depths:5 }=}

Portals:
Hell: Depths:1 Depths:2 Depths:3 Depths:4 Depths:5
Abyss: Depths:1 Depths:4 Depths:5
Pandemonium: Depths:3 Depths:4
Ziggurat: Depths:3

Annotations:
Lair:4 1 runed translucent door, Juxtaluv's ghost, journeyman DrCj
Depths:3 2 transporters, exclusion: orange crystal statue


Innate Abilities, Weirdness & Mutations

You are too large for most types of armour.
You have tough skin. (AC +1)
You have a pair of small horns on your head.
You tend to lose your temper in combat.
You are clumsy. (Dex -2)
Your body sometimes deteriorates upon taking damage.
You are dopey. (Int -2)
Your magical capacity is very low. (-20% MP)
You are weak. (Str -2)
Your spells are a little easier to cast, but a little less powerful.


Message History

Reffusul is severely wounded.
Unknown command.
Throwing (i - inventory. (/) - cycle)
q - 20 large rocks (quivered)
Press: ? - help, Shift-Dir - straight line, f/p - Reffusul
Aim: Reffusul, armed with a painful touch (severely wounded)
You throw a large rock.
The large rock completely misses Reffusul.
You block Reffusul's attack.
Unknown command.
Throwing (i - inventory. (/) - cycle)
q - 19 large rocks (quivered)
Press: ? - help, Shift-Dir - straight line, f/p - Reffusul
Aim: Reffusul, armed with a painful touch (severely wounded)
You throw a large rock.
The large rock completely misses Reffusul.
You hear a shout!
Reffusul hits you!
* * * LOW HITPOINT WARNING * * *
You writhe in agony.
* * * LOW HITPOINT WARNING * * *
You hear a hideous shriek!
Unknown command.
Throwing (i - inventory. (/) - cycle)
q - 18 large rocks (quivered)
Press: ? - help, Shift-Dir - straight line, f/p - Reffusul
Aim: Reffusul, armed with a painful touch (severely wounded)
You throw a large rock. The large rock barely misses Reffusul.
Reffusul hits you.
* * * LOW HITPOINT WARNING * * *
You writhe in agony!
* * * LOW HITPOINT WARNING * * *
Unknown command.
Throwing (i - inventory. (/) - cycle)
q - 17 large rocks (quivered)
Press: ? - help, Shift-Dir - straight line, f/p - Reffusul
Aim: Reffusul, armed with a painful touch (severely wounded)
You throw a large rock. The large rock closely misses Reffusul.
You block Reffusul's attack.
Unknown command.
Throwing (i - inventory. (/) - cycle)
q - 16 large rocks (quivered)
Press: ? - help, Shift-Dir - straight line, f/p - Reffusul
Aim: Reffusul, armed with a painful touch (severely wounded)
You throw a large rock.
The large rock completely misses Reffusul.
An ice devil comes into view.
You block Reffusul's attack.
Unknown command.
You can now deal lightning-fast blows.
Reffusul hits you but does no damage.
You writhe in agony!
* * * LOW HITPOINT WARNING * * *
Reffusul hits you!!!
* * * LOW HITPOINT WARNING * * *
Your body deteriorates!
You feel dopey.
You writhe in agony!
* * * LOW HITPOINT WARNING * * *
A blizzard demon comes into view.
Throwing (i - inventory. (/) - cycle)
q - 15 large rocks (quivered)
Press: ? - help, Shift-Dir - straight line, f/p - Reffusul
Aim: Reffusul, armed with a painful touch (severely wounded)
You throw a large rock. The large rock hits Reffusul!!
Reffusul is almost dead.
Unknown command.
Throwing (i - inventory. (/) - cycle)
q - 14 large rocks (quivered)
Press: ? - help, Shift-Dir - straight line, f/p - Reffusul
Aim: Reffusul, armed with a painful touch (almost dead)
You throw a large rock. The large rock misses Reffusul.
Reffusul hits you!!!
You die...

#####.##.....
####.##...... #..
####.....# #..
##...## .. ####+##.
#2## ##.##....
##4..## ##...##...
##&...^###.....+.##
#.@.....###...##..#
#./.....####.##...#
#.......+..#'#..#.#
##....(##.....#.#.#
##...##......###..
####......###..#
#"...#..# ##.#
#....#.####..#
######.#.#####


You could see Reffusul, a blizzard demon and an ice devil.

Vanquished Creatures
  the Royal Jelly (Slime:5)
  Dissolution (Slime:2)
  2 pandemonium lords (Zot:5)
  3 orbs of fire (Zot:5)
  Mara (Depths:4)
  4 ancient liches (Zot:5)
  2 shard shrikes (Zot:3)
  3 Killer Klowns
  3 curse toes
  Bai Suzhen (Elf:3)
  Geryon (Hell)
  7 golden dragons
  Arachne (Spider:3)
  A Tzitzimitl (Zot:5)
  4 electric golems
  2 liches
  12 tentacled monstrosities
  26 Orb Guardians (Zot:5)
  11 quicksilver dragons
  2 deep elf blademasters (Elf:3)
  The ghost of Orylit the Spry, an adept HaHu of Fedhas (Elf:2)
  21 acid blobs
  5 deep elf master archers (Elf:3)
  4 sphinxes
  8 death cobs
  Kirke (Spider:3)
  11 shadow dragons
  10 storm dragons
  Donald (Shoals:3)
  2 ancient champions (Hell)
  4 draconian monks
  3 tengu reavers
  Roxanne (Spider:3)
  12 azure jellies
  14 frost giants
  4 draconian knights
  7 emperor scorpions
  7 deep elf sorcerers
  2 orc warlords
  5 fire giants (Depths:4)
  7 ghost moths
  A corrupter (Zot:5)
  Aizul (Depths:3)
  4 draconian scorchers
  3 deep elf elementalists (Elf:3)
  10 draconian annihilators
  4 spriggan defenders
  6 draconian shifters
  8 reapers (Hell)
  3 draconian stormcallers
  4 entropy weavers
  11 very ugly things
  2 blood saints
  2 war gargoyles (Hell)
  11 green draconians
  6 stone giants
  2 vampire knights
  9 black draconians
  4 deep elf demonologists
  10 red draconians
  6 deep elf annihilators
  13 purple draconians
  2 spark wasps (Spider:4)
  A minotaur (Gauntlet)
  10 yellow draconians
  7 ettins
  9 white draconians
  A dire elephant (Lair:6)
  Snorg (D:13)
  4 merfolk javelineers
  7 fire dragons
  2 blizzard demons
  A deep elf death mage (Elf:3)
  A green death (Depths:4)
  9 death oozes
  4 yaktaur captains
  15 merfolk impalers
  3 deep elf high priests
  7 great orbs of eyes
  4 rakshasas
  12 ice dragons
  5 centaur warriors
  A spriggan air mage (Depths:5)
  3 alligator snapping turtles
  3 merfolk avatars
  A hell beast (Depths:4)
  Erica (D:9)
  5 ogre magi
  A death knight (D:15)
  5 hydras
  2 satyrs (Shoals:4)
  21 dancing weapons
  3 merfolk aquamancers
  22 two-headed ogres
  2 tengu warriors
  11 death yaks
  16 deep troll earth magi
  3 vampire magi
  2 spriggan berserkers
  12 deep troll shamans
  Urug (Lair:4)
  Sonja (Lair:4)
  5 orc high priests
  4 sun demons
  23 deep elf knights
  3 soul eaters (Hell)
  A spriggan (Depths:3)
  Nergalle (Lair:3)
  2 iron golems (Hell)
  A fire crab (Lair:4)
  4 iron trolls
  4 hell knights
  18 skeletal warriors
  A cherub (Zot:5)
  42 deep trolls
  4 flayed ghosts (Depths:2)
  11 sea snakes
  An infernal demonspawn (Zot:5)
  2 wizards
  15 deep elf archers
  A gelid demonspawn (Zot:5)
  5 glowing orange brains
  2 kraken simulacra
  An anaconda skeleton (Hell)
  8 orc knights
  14 harpies
  2 necromancers (Depths:1)
  2 phantasmal warriors (Depths:2)
  Pikel (D:7)
  12 shining eyes
  6 oklob plants
  A manticore (shapeshifter) (Depths:3)
  22 orb spiders
  7 orc sorcerers
  7 cyclopes
  59 deep elf magi
  30 wolf spiders
  A cyclops (shapeshifter) (Depths:2)
  A salamander (Volcano)
  33 ugly things
  13 manticores
  23 moths of wrath
  3 centaur zombies
  7 fauns
  6 water nymphs
  11 rust devils
  6 elephants (Lair:6)
  12 merfolk sirens
  3 black mambas
  4 ice statues
  A gargoyle (D:13)
  A molten gargoyle (Depths:1)
  12 spiny frogs
  6 eyes of devastation
  2 smoke demons
  Maggie (D:10)
  2 rime drakes (shapeshifter)
  8 apocalypse crabs (Depths:2)
  2 torpor snails
  An eye of devastation (shapeshifter) (D:13)
  2 hellions (Zot:5)
  6 rime drakes
  4 komodo dragons
  9 yaktaurs
  A kobold demonologist (D:14)
  A tormentor (Zot:5)
  A hellwing (Depths:4)
  An efreet (Gauntlet)
  9 demonic crawlers
  A freezing wraith (D:14)
  2 red devils
  3 ice devils
  3 tengu conjurers
  2 hydra zombies (Hell)
  27 merfolk
  A meliai (shapeshifter) (Depths:5)
  30 jumping spiders
  8 hornets
  8 trolls
  3 wind drakes
  3 polar bears
  5 blink frogs (Lair:5)
  14 hippogriffs
  2 hydra skeletons (Hell)
  93 slime creatures
  14 snapping turtles
  7 dream sheep
  A meliai zombie (D:15)
  An alligator zombie (Hell)
  5 flying skulls (Depths:4)
  65 redbacks
  A redback (shapeshifter) (Elf:3)
  2 ynoxinuls
  17 water elementals
  2 air elementals
  36 tarantellas
  5 wraiths
  A tarantella (shapeshifter) (Depths:5)
  5 wyverns
  28 yaks
  3 hogs (Spider:3)
  A shadow (D:15)
  4 basilisks
  11 fire elementals
  16 humans
  14 golden eyes
  A golden eye (shapeshifter) (Depths:2)
  A chaos spawn (Depths:4)
  A fire bat (Volcano)
  5 vampire mosquitoes
  Menkaure (D:7)
  7 wargs
  Edmund (D:4)
  3 acid dragons
  12 water moccasins
  6 hell hounds
  A spiny frog zombie (Hell)
  Duvessa (D:7)
  38 orc warriors
  4 porcupines
  2 black bears
  8 ice beasts
  4 phantoms
  4 slaves (D:7)
  9 eyes of draining
  A small abomination (Zot:5)
  An eye of draining (shapeshifter) (D:15)
  4 sky beasts
  A black bear (shapeshifter) (Depths:2)
  21 ogres
  A necrophage (D:5)
  26 wolves
  26 centaurs
  12 crocodiles
  3 big kobolds
  18 bullfrogs
  A gnoll sergeant (D:7)
  2 earth elementals (Elf:1)
  Dowan (D:7)
  6 killer bees
  6 scorpions
  9 wights
  A howler monkey (D:10)
  An electric eel (Spider:4)
  9 crimson imps
  A bullfrog zombie (D:11)
  2 quasits
  4 jellies
  25 orc priests
  11 hounds
  24 orc wizards
  2 bullfrog skeletons
  6 centaur skeletons
  5 iguanas
  19 worker ants
  2 killer bee zombies (D:8)
  3 hound skeletons
  A hound zombie (D:11)
  A spectral worker ant (D:11)
  17 adders
  18 gnolls
  2 howler monkey skeletons
  5 shadow imps
  An ooze (D:1)
  2 adder zombies (D:8)
  An adder skeleton (D:5)
  2 worms
  2 dart slugs (D:1)
  8 leopard geckos
  90 orcs
  5 ball pythons
  10 bats
  10 giant cockroaches
  24 goblins
  15 hobgoblins
  5 jackals
  5 quokkas
  12 frilled lizards
  13 kobolds
  A quokka skeleton (D:9)
  5 rats
  2 fungi
  4 plants
  A tentacle (Hell)
2143 creatures vanquished.

Vanquished Creatures (others)
  A merfolk aquamancer (Shoals:2)
  A deep elf knight (Elf:1)
  An iron troll (Depths:2)
  A deep elf archer (Elf:1)
  2 deep elf magi (Elf:1)
  A moth of wrath (Zot:3)
  2 fauns
  2 yaktaurs
  A jumping spider (Spider:1)
  A merfolk (Shoals:4)
  7 fungi
  12 plants
  8 tentacles
40 creatures vanquished.

Grand Total: 2183 creatures vanquished

Notes
Turn   | Place    | Note
-------+----------+-------------------------------------------
     0 | D:1      | Amnesiac the Ogre Fighter began the quest for the Orb.
     0 | D:1      | Reached XP level 1. HP: 24/24 MP: 1/1
   169 | D:1      | Reached skill level 1 in Throwing
   169 | D:1      | Reached XP level 2. HP: 32/32 MP: 2/2
   612 | D:1      | Reached XP level 3. HP: 40/40 MP: 3/3
  1194 | D:2      | Reached XP level 4. HP: 35/49 MP: 4/4
  1349 | D:2      | Found a stormy altar of Qazlal.
  1389 | D:2      | Reached skill level 5 in Fighting
  2259 | D:2      | Reached XP level 5. HP: 51/57 MP: 5/5
  2684 | D:3      | Found a shattered altar of Ashenzari.
  3038 | D:3      | Found a glowing drain.
  3044 | Sewer    | Entered a sewer
  3413 | Sewer    | Reached XP level 6. HP: 53/66 MP: 6/6
  4270 | D:4      | Found a shattered altar of Ashenzari.
  4550 | D:4      | Noticed a phantom
  4580 | D:4      | Killed a phantom
  4580 | D:4      | Reached skill level 5 in Throwing
  4580 | D:4      | Reached XP level 7. HP: 71/75 MP: 7/7
  4709 | D:4      | Noticed Edmund
  4828 | D:4      | Killed Edmund
  4990 | D:4      | Reached skill level 1 in Evocations
  5296 | D:4      | Reached XP level 8. HP: 85/87 MP: 7/9
  5329 | D:4      | Found a white marble altar of Elyvilon.
  5329 | D:4      | Found a sacrificial altar of Ru.
  5489 | D:5      | Entered Level 5 of the Dungeon
  5634 | D:5      | Found a staircase to the Ecumenical Temple.
  5644 | Temple   | Entered the Ecumenical Temple
  5651 | Temple   | Became a worshipper of Warmaster Okawaru
  5869 | D:5      | Got a translucent silver ring
  6512 | D:5      | Found a glowing golden altar of the Shining One.
  6798 | D:6      | Found a white marble altar of Elyvilon.
  6940 | D:6      | Reached * piety under Okawaru
  7215 | D:6      | Reached XP level 9. HP: 95/97 MP: 11/11
  7608 | D:6      | Identified the ring "Colyoghatz" {rF+ rN+ Str+2 Int+5} (You
                  | found it on level 5 of the Dungeon)
  8331 | D:7      | Found Cujiqucur's Armour Shop.
  8334 | D:7      | Found Obaot's Armour Shop.
  8386 | D:7      | Noticed Pikel
  8401 | D:7      | Killed Pikel
  8401 | D:7      | Reached ** piety under Okawaru
  8429 | D:7      | Found Okupnomi's Distillery.
  8433 | D:7      | Found Inujeeh's Jewellery Shop.
  8436 | D:7      | Bought a +0 tower shield for 72 gold pieces
  8440 | D:7      | Bought a potion of curing for 33 gold pieces
  8440 | D:7      | Bought a potion of haste for 110 gold pieces
  8440 | D:7      | Bought a potion of resistance for 110 gold pieces
  8608 | D:7      | Noticed Duvessa
  8608 | D:7      | Noticed Dowan
  8628 | D:7      | Killed Dowan
  8629 | D:7      | Killed Duvessa
  8734 | D:7      | Noticed Menkaure
  8736 | D:7      | Killed Menkaure
  8886 | D:7      | Reached skill level 10 in Fighting
  8890 | D:7      | Reached *** piety under Okawaru
  9193 | D:8      | Reached skill level 10 in Throwing
  9193 | D:8      | Reached XP level 10. HP: 82/110 MP: 13/13
  9369 | D:8      | Reached skill level 1 in Invocations
  9851 | D:8      | Noticed a two-headed ogre
  9866 | D:8      | Killed a two-headed ogre
  9866 | D:8      | Received a gift from Okawaru
  9874 | D:8      | Reached **** piety under Okawaru
 10391 | D:9      | Noticed a two-headed ogre
 10396 | D:9      | Killed a two-headed ogre
 10396 | D:9      | Received a gift from Okawaru
 10470 | D:9      | Got a translucent long sword
 10593 | D:9      | Reached ***** piety under Okawaru
 10593 | D:9      | Reached XP level 11. HP: 115/120 MP: 14/14
 10698 | D:9      | Found a staircase to the Lair.
 10873 | D:9      | Received a gift from Okawaru
 10884 | D:9      | Reached skill level 5 in Invocations
 10937 | D:9      | Noticed Erica
 10938 | D:9      | Killed Erica
 10938 | D:9      | Received a gift from Okawaru
 11089 | D:10     | Entered Level 10 of the Dungeon
 11321 | D:10     | Noticed Maggie
 11325 | D:10     | Killed Maggie
 11736 | D:11     | Noticed a purple ugly thing
 11845 | D:11     | Killed a purple ugly thing
 11935 | D:11     | Noticed a manticore
 11943 | D:11     | Killed a manticore
 11943 | D:11     | Received a gift from Okawaru
 12031 | D:11     | Noticed a two-headed ogre
 12039 | D:11     | Killed a two-headed ogre
 12097 | D:11     | Received a gift from Okawaru
 12337 | D:11     | Gained mutation: Your spells are a little easier to cast,
                  | but a little less powerful. [potion of mutation]
 12337 | D:11     | Gained mutation: You have a pair of small horns on your
                  | head. [potion of mutation]
 12918 | D:12     | Reached XP level 12. HP: 132/133 MP: 17/17
 12976 | D:12     | Found a staircase to the Orcish Mines.
 13491 | Orc:1    | Entered Level 1 of the Orcish Mines
 13615 | Orc:2    | Entered Level 2 of the Orcish Mines
 13668 | Orc:1    | Found a frozen archway.
 13853 | IceCv    | Entered an ice cave
 14082 | IceCv    | Learned a level 2 spell: Passwall
 14219 | Orc:1    | Found a roughly hewn altar of Beogh.
 14237 | Orc:1    | Noticed an orc high priest
 14241 | Orc:1    | Killed an orc high priest
 14241 | Orc:1    | Received a gift from Okawaru
 14255 | Orc:1    | Got a jewelled tower shield {god gift}
 14399 | Orc:2    | Found Arewaros's Jewellery Shop.
 14472 | Orc:2    | Noticed a deep elf knight
 15066 | Orc:1    | Identified a scroll of acquirement {!r}
 15077 | Orc:1    | Identified the -5 tower shield "Xixotyaxzi" {Str+4 Slay+5}
                  | (Okawaru gifted it to you on level 1 of the Orcish Mines)
 15080 | Orc:1    | Identified the +11 long sword "Leviticus" {freeze, *Noise
                  | Str+9 Stlth+} (You found it on level 9 of the Dungeon)
 15137 | Orc:1    | Noticed an orc warlord
 15158 | Orc:1    | Killed an orc warlord
 15308 | Orc:2    | Found Pigiom's Distillery.
 15351 | Orc:2    | Bought a potion of heal wounds for 60 gold pieces
 15401 | Orc:2    | Found a staircase to the Elven Halls.
 15504 | Orc:2    | Reached XP level 13. HP: 148/148 MP: 19/19
 15505 | Orc:2    | Reached skill level 15 in Throwing
 15533 | Orc:2    | Identified the +5 chain mail of the Slug {Int+2 Dex+3}
 15533 | Orc:2    | Noticed an orc warlord
 15548 | Orc:2    | Killed an orc warlord
 15879 | Orc:2    | Bought the ring "Loguirgh" {*Drain rPois rF+ rC+ Slay+6}
                  | for 1004 gold pieces
 16087 | Orc:2    | Found Ajufops's Armour Emporium.
 16104 | Orc:2    | Bought a +2 hat for 224 gold pieces
 16163 | Orc:2    | Found Neykhlint's Book Boutique.
 16171 | Orc:2    | Found Jaopybla's Gadget Shop.
 16255 | Orc:2    | Reached skill level 15 in Fighting
 16314 | Orc:2    | Received a gift from Okawaru
 16325 | Orc:2    | Reached ****** piety under Okawaru
 16330 | Orc:2    | Received a gift from Okawaru
 16371 | Orc:2    | Found Owuh's Magic Scroll Shop.
 16371 | Orc:2    | Found Udethruw's Book Shop.
 16373 | Orc:2    | Found Azyocs's Antique Weapon Shoppe.
 16375 | Orc:2    | Found Muw Vin's General Store.
 16428 | Orc:2    | Bought a scroll of enchant weapon for 120 gold pieces
 16454 | Orc:2    | Bought a manual of Armour for 1766 gold pieces
 16632 | Lair:1   | Entered Level 1 of the Lair of Beasts
 16665 | Lair:1   | Reached skill level 1 in Armour
 17215 | Lair:1   | Reached skill level 5 in Armour
 17930 | Lair:2   | Reached XP level 14. HP: 157/159 MP: 20/20
 18063 | Lair:2   | Found a gate leading to a gauntlet.
 18072 | Gauntlet | Entered a Gauntlet
 18072 | Gauntlet | Found a transporter.
 18082 | Gauntlet | Found a transporter.
 18097 | Gauntlet | Found a transporter.
 18098 | Gauntlet | Found a transporter.
 18110 | Gauntlet | Found a transporter.
 18131 | Gauntlet | Found a transporter.
 18144 | Gauntlet | Found a transporter.
 18172 | Gauntlet | Found a transporter.
 18172 | Gauntlet | Found a transporter.
 18179 | Gauntlet | Found a transporter.
 18201 | Gauntlet | Found a transporter.
 18201 | Gauntlet | Found a transporter.
 18316 | Gauntlet | Got a translucent turquoise ring
 18318 | Gauntlet | Identified the ring of Yvoowioc {rElec rF++ Slay-4 Stlth+}
                  | (You found it in a Gauntlet)
 18425 | Gauntlet | Got a bloodstained short sword
 18429 | Gauntlet | Identified the cursed +1 short sword "Waybifag" {antimagic,
                  | rPois rF- SInv} (You found it in a Gauntlet)
 18878 | Lair:2   | Found a hole to the Spider Nest.
 18922 | Lair:2   | Reached skill level 10 in Armour
 19450 | Lair:3   | Received a gift from Okawaru
 19484 | Lair:3   | Noticed Nergalle
 19492 | Lair:3   | Killed Nergalle
 19492 | Lair:3   | Received a gift from Okawaru
 19770 | Lair:3   | Found a staircase to the Shoals.
 20341 | Lair:4   | Found a runed translucent door.
 20392 | Lair:4   | Noticed Sonja
 20407 | Lair:4   | Killed Sonja
 20564 | Lair:4   | Found a sacrificial altar of Ru.
 20627 | Lair:4   | Received a gift from Okawaru
 20660 | Lair:4   | Noticed Urug
 20674 | Lair:4   | Killed Urug
 20674 | Lair:4   | Reached skill level 5 in Shields
 21162 | Lair:4   | Noticed Juxtaluv's ghost (journeyman DrCj)
 22025 | Lair:5   | Reached XP level 15. HP: 170/170 MP: 21/21
 22335 | Lair:5   | Found a dark tunnel.
 22341 | Volcano  | Entered a volcano
 22474 | Volcano  | Received a gift from Okawaru
 22964 | Lair:6   | Entered Level 6 of the Lair of Beasts
 23638 | Lair:6   | Identified Sif Muna's Catalogue of Damaging Transformation
 23775 | Lair:6   | Found a staircase to the Slime Pits.
 24643 | D:13     | Noticed Snorg
 24649 | D:13     | Killed Snorg
 25111 | D:14     | Found a gate to the Vaults.
 25238 | D:14     | Received a gift from Okawaru
 25262 | D:14     | Found a flagged portal.
 25275 | Bailey   | Entered a bailey
 25879 | D:14     | Reached XP level 16. HP: 183/183 MP: 22/22
 26177 | D:15     | Entered Level 15 of the Dungeon
 26274 | D:15     | Learned a level 2 spell: Blink
 26437 | D:15     | Found an opulent altar of Gozag.
 26536 | D:15     | Received a gift from Okawaru
 26587 | D:15     | Received a gift from Okawaru
 26783 | D:15     | Received a gift from Okawaru
 26885 | D:15     | Found a staircase to the Depths.
 26973 | D:15     | Received a gift from Okawaru
 27353 | D:15     | Received a gift from Okawaru
 27649 | Depths:1 | Entered Level 1 of the Depths
 27697 | Depths:1 | Received a gift from Okawaru
 27783 | Depths:1 | Found a one-way gate to the infinite horrors of the Abyss.
 28167 | Depths:1 | Noticed a sphinx
 28181 | Depths:1 | Killed a sphinx
 28395 | Depths:1 | Identified the ring "Leodau" {EV+2 Dex+4} (You acquired it
                  | on level 1 of the Depths)
 28395 | Depths:1 | Identified the +10 gold dragon scales of Heresy {+Fly rPois
                  | rF+ rC+ Str+4} (You acquired it on level 1 of the Depths)
 28596 | Depths:1 | Reached XP level 17. HP: 196/196 MP: 23/23
 28606 | Depths:1 | Received a gift from Okawaru
 28642 | Depths:1 | Found a gateway to Hell.
 28895 | Elf:1    | Entered Level 1 of the Elven Halls
 29087 | Elf:1    | Received a gift from Okawaru
 29656 | Elf:1    | Reached skill level 10 in Shields
 29668 | Elf:1    | Found Izxeil's Distillery.
 29723 | Elf:1    | Bought a potion of cancellation for 80 gold pieces
 30470 | Elf:2    | Found Xonu's Weapon Shoppe.
 30555 | Elf:2    | Found a runed translucent door.
 30556 | Elf:2    | Noticed Orylit's ghost (adept HaHu)
 30619 | Elf:2    | Received a gift from Okawaru
 30628 | Elf:2    | Found a huge runed translucent gate.
 30628 | Elf:2    | Found a huge runed translucent gate.
 30628 | Elf:2    | Found a huge runed translucent gate.
 30628 | Elf:2    | Found a huge runed translucent gate.
 30628 | Elf:2    | Found a huge runed translucent gate.
 31637 | D:7      | Bought the brooch of Shielding {Reflect SH+8} for 1381 gold
                  | pieces
 31637 | D:7      | Found the brooch of Shielding {Reflect SH+8}
 31834 | Elf:2    | Killed Orylit's ghost
 31991 | Elf:2    | Reached XP level 18. HP: 208/208 MP: 24/24
 32005 | Elf:2    | Received a gift from Okawaru
 32208 | Elf:2    | Received a gift from Okawaru
 32421 | Elf:3    | Entered Level 3 of the Elven Halls
 32449 | Elf:3    | Received a gift from Okawaru
 32634 | Elf:3    | Noticed Bai Suzhen
 32643 | Elf:3    | Killed Bai Suzhen
 32833 | Elf:3    | Noticed a deep elf master archer
 32839 | Elf:3    | Killed a deep elf master archer
 32843 | Elf:3    | Noticed a deep elf blademaster
 32844 | Elf:3    | Identified the +7 trident of Courage {freeze, rC+}
 32849 | Elf:3    | Killed a deep elf blademaster
 32849 | Elf:3    | Received a gift from Okawaru
 32851 | Elf:3    | Noticed a deep elf master archer
 32854 | Elf:3    | Noticed a deep elf master archer
 32855 | Elf:3    | Killed a deep elf master archer
 32859 | Elf:3    | Killed a deep elf master archer
 32859 | Elf:3    | Received a gift from Okawaru
 33057 | Elf:3    | Noticed a deep elf blademaster
 33057 | Elf:3    | Noticed a deep elf master archer
 33059 | Elf:3    | Killed a deep elf master archer
 33059 | Elf:3    | Noticed a deep elf master archer
 33065 | Elf:3    | Killed a deep elf master archer
 33065 | Elf:3    | Received a gift from Okawaru
 33066 | Elf:3    | Killed a deep elf blademaster
 33066 | Elf:3    | Reached XP level 19. HP: 218/221 MP: 25/25
 33099 | Elf:3    | Identified the Guide on Attacks
 33106 | Elf:3    | Got an iridescent quarterstaff
 33176 | Elf:3    | Got a scorched broad axe
 33582 | Spider:1 | Entered Level 1 of the Spider Nest
 33607 | Spider:1 | Received a gift from Okawaru
 34617 | Spider:1 | Received a gift from Okawaru
 35215 | Spider:1 | Received a gift from Okawaru
 35851 | Spider:2 | Received a gift from Okawaru
 36274 | Spider:2 | Got a vibrating steel ring
 36326 | Spider:3 | Noticed Arachne
 36330 | Spider:3 | Killed Arachne
 36330 | Spider:3 | Received a gift from Okawaru
 36444 | Spider:4 | Entered Level 4 of the Spider Nest
 36584 | Spider:3 | Identified Roxanne's Almanac of the Rocks
 36584 | Spider:3 | Noticed Roxanne
 36589 | Spider:3 | Killed Roxanne
 36960 | Spider:3 | Noticed Kirke
 36978 | Spider:3 | Killed Kirke
 38610 | Spider:4 | Received a gift from Okawaru
 38661 | Spider:4 | Reached XP level 20. HP: 234/234 MP: 26/26
 38858 | Spider:4 | Received a gift from Okawaru
 38945 | Spider:4 | Got a gossamer rune of Zot
 39101 | Shoals:1 | Entered Level 1 of the Shoals
 39434 | Shoals:1 | Identified the ring of the Several Blessings {rPois MR+
                  | Str-2 Int+6 SInv} (You found it on level 2 of the Spider
                  | Nest)
 40061 | Shoals:2 | Received a gift from Okawaru
 40070 | Shoals:2 | Got a transparent long sword {god gift}
 40723 | Shoals:3 | Noticed Donald
 40743 | Shoals:3 | Killed Donald
 41410 | Shoals:4 | Entered Level 4 of the Shoals
 41565 | Shoals:4 | Received a gift from Okawaru
 41581 | Shoals:4 | Identified the +5 long sword "Guluawk" {drain, Int-2 Dex+8}
                  | (Okawaru gifted it to you on level 2 of the Shoals)
 42277 | Shoals:4 | Reached XP level 21. HP: 245/245 MP: 27/27
 42346 | Shoals:4 | Got a barnacled rune of Zot
 42620 | Slime:1  | Entered Level 1 of the Pits of Slime
 43819 | Slime:2  | Received a gift from Okawaru
 44656 | Slime:3  | Gained mutation: You tend to lose your temper in combat. [a
                  | shining eye]
 45188 | Slime:2  | Noticed Dissolution
 45190 | Slime:2  | Gained mutation: Your magical capacity is low. (-10% MP) [a
                  | shining eye]
 45471 | Slime:4  | Found a viscous altar of Jiyva.
 45518 | Slime:4  | Gained mutation: You are weak. (Str -2) [a shining eye]
 46246 | Slime:2  | Paralysed by a great orb of eyes for 4 turns
 46248 | Slime:2  | Gained mutation: Your body sometimes deteriorates upon
                  | taking damage. [a shining eye]
 46250 | Slime:2  | Gained mutation: You are dopey. (Int -2) [a shining eye]
 46251 | Slime:2  | Gained mutation: Your spells are easier to cast, but less
                  | powerful. [a shining eye]
 46252 | Slime:2  | Killed Dissolution
 46252 | Slime:2  | Received a gift from Okawaru
 46253 | Slime:2  | Gained mutation: You are clumsy. (Dex -2) [a shining eye]
 46383 | Slime:5  | Entered Level 5 of the Pits of Slime
 46385 | Slime:5  | Lost mutation: Your spells are easier to cast, but less
                  | powerful. [a shining eye]
 46499 | Slime:5  | Found a viscous altar of Jiyva.
 46502 | Slime:5  | Noticed the Royal Jelly
 46508 | Slime:5  | Killed the Royal Jelly
 46508 | Slime:5  | Reached XP level 22. HP: 260/260 MP: 18/25
 46565 | Slime:5  | Got a slimy rune of Zot
 46582 | Slime:5  | Got an ancient granite ring
 46583 | Slime:5  | Identified the ring "Qawal" {+Blink rPois rN+ Stlth-} (You
                  | found it on level 5 of the Pits of Slime)
 46597 | Slime:5  | Got a slimy robe
 46613 | Slime:5  | Got a scintillating turquoise ring
 46614 | Slime:5  | Identified the ring of Due Proportion {*Contam rF+ rN++ MR+
                  | Stlth+} (You found it on level 5 of the Pits of Slime)
 46673 | Slime:5  | Identified Niugik's Reference Book on the Voyage and Combat
                  | Magic
 47078 | Slime:5  | Received a gift from Okawaru
 47252 | Slime:5  | Reached skill level 15 in Shields
 47259 | Slime:5  | Received a gift from Okawaru
 47291 | Slime:5  | Got a steaming morningstar {god gift}
 47293 | Slime:5  | Identified the +1 morningstar of Okawaru's Envy {holy,
                  | *Drain MR+ Dex+6} (Okawaru gifted it to you on level 5 of
                  | the Pits of Slime)
 47970 | Depths:2 | Identified the Grimoire of Feathers and the Glacier
 48217 | Depths:2 | Found a snail-covered altar of Cheibriados.
 48341 | Depths:2 | Received a gift from Okawaru
 48547 | Depths:2 | Paralysed by you for 7 turns
 48751 | Hell     | Entered the Vestibule of Hell
 48751 | Hell     | Noticed Geryon
 48758 | Hell     | Killed Geryon
 48959 | Hell     | Reached XP level 23. HP: 271/271 MP: 26/26
 48983 | Hell     | Found a gateway to the decaying netherworld of Tartarus.
 49148 | Hell     | Received a gift from Okawaru
 49255 | Hell     | Found a gateway to the freezing wastes of Cocytus.
 49370 | Hell     | Found a gateway to the ashen valley of Gehenna.
 49446 | Hell     | Found a gateway to the Iron City of Dis.
 49721 | Depths:3 | Noticed a golden dragon
 49724 | Depths:3 | Found a transporter.
 49740 | Depths:3 | Noticed Aizul
 49754 | Depths:3 | Killed Aizul
 49893 | Depths:3 | Found a gateway to a ziggurat.
 49930 | Depths:3 | Found a one-way gate leading to the halls of Pandemonium.
 49970 | Depths:3 | Found a transporter.
 50517 | Depths:4 | Received a gift from Okawaru
 50536 | Depths:4 | Got a heavy robe {god gift}
 50776 | Depths:4 | Reached XP level 24. HP: 256/287 MP: 26/26
 50816 | Depths:4 | Reached skill level 27 in Throwing
 51105 | Depths:4 | Noticed Mara
 51109 | Depths:4 | Killed Mara
 51521 | Depths:5 | Entered Level 5 of the Depths
 51612 | Depths:5 | Received a gift from Okawaru
 51640 | Depths:5 | Found Lolis's Gadget Shoppe.
 51642 | Depths:5 | Found Dafaut's Jewellery Boutique.
 51643 | Depths:5 | Found Juoman's Gadget Shoppe.
 51851 | Depths:5 | Received a gift from Okawaru
 51872 | Depths:5 | Found a gate to the Realm of Zot.
 51909 | Depths:5 | Reached skill level 27 in Fighting
 52257 | Depths:5 | Reached skill level 5 in Dodging
 52702 | Zot:1    | Entered Level 1 of the Realm of Zot
 52898 | Zot:1    | Received a gift from Okawaru
 52958 | Zot:1    | Received a gift from Okawaru
 52959 | Zot:1    | Got a twisted robe {god gift}
 53061 | Zot:1    | Reached XP level 25. HP: 266/304 MP: 26/26
 53913 | Zot:2    | Reached skill level 10 in Dodging
 54407 | Zot:2    | You fall into a shaft and drop 1 floor!
 54872 | Zot:3    | Received a gift from Okawaru
 55530 | Zot:3    | Noticed a shard shrike
 55573 | Zot:3    | Killed a shard shrike
 55795 | Zot:3    | Noticed a shard shrike
 55799 | Zot:3    | Killed a shard shrike
 55834 | Zot:3    | Identified the Disquisition on Ashen Transformation
 56286 | Zot:4    | Reached XP level 26. HP: 314/314 MP: 26/26
 56301 | Zot:4    | Received a gift from Okawaru
 56331 | Zot:4    | Reached skill level 15 in Dodging
 56693 | Zot:4    | Received a gift from Okawaru
 56699 | Zot:4    | Noticed a Killer Klown
 56717 | Zot:4    | Killed a Killer Klown
 57529 | Zot:5    | Entered Level 5 of the Realm of Zot
 57727 | Zot:5    | Received a gift from Okawaru
 57785 | Zot:5    | Noticed an orb of fire
 57787 | Zot:5    | Killed an orb of fire
 57813 | Zot:5    | Noticed a Killer Klown
 57825 | Zot:5    | Killed a Killer Klown
 57936 | Zot:5    | Got an ichor-stained halberd
 57956 | Zot:5    | Reached XP level 27. HP: 310/323 MP: 26/26
 58027 | Zot:5    | Noticed an ancient lich
 58031 | Zot:5    | Killed an ancient lich
 58031 | Zot:5    | Received a gift from Okawaru
 58033 | Zot:5    | Noticed an orb of fire
 58036 | Zot:5    | Noticed an ancient lich
 58037 | Zot:5    | Killed an orb of fire
 58037 | Zot:5    | Received a gift from Okawaru
 58038 | Zot:5    | Killed an ancient lich
 58097 | Zot:5    | Noticed an orb of fire
 58101 | Zot:5    | Gained mutation: Your magical capacity is very low. (-20%
                  | MP) [an orb of fire]
 58102 | Zot:5    | Killed an orb of fire
 58140 | Zot:5    | Received a gift from Okawaru
 58250 | Zot:5    | Received a gift from Okawaru
 58593 | Zot:5    | Noticed an ancient lich
 58596 | Zot:5    | Killed an ancient lich
 58596 | Zot:5    | Received a gift from Okawaru
 58601 | Zot:5    | Got an iridescent hand crossbow {god gift}
 58670 | Zot:5    | Noticed an ancient lich
 58673 | Zot:5    | Killed an ancient lich
 58714 | Zot:5    | Got the Orb of Zot
 58743 | Zot:5    | Noticed Igryaw the pandemonium lord
 58754 | Zot:5    | Killed Igryaw the pandemonium lord
 58776 | Zot:5    | Received a gift from Okawaru
 58804 | Zot:5    | Noticed Leon the pandemonium lord
 58838 | Zot:5    | Killed Leon the pandemonium lord
 59061 | Zot:2    | Noticed Reffusul the pandemonium lord
 59070 | Zot:2    | Mangled by Reffusul the pandemonium lord

Levels and vault maps discovered:
D:1:      dpeg_arrival_water_fire, layout_loops_corners, st_stairs_9,
          minmay_misc_feat_cross
D:2:      layout_basic, nicolae_qazlal_general_emergency
D:3:      cheibrodos_greedy_goblins, layout_basic,
          nicolae_overflow_hidden_temple, gup_sewer_entry_spiral
D:4:      layout_rooms, gammafunk_temple_overflow_pools, first_ration,
          ashenzari_altar_1, uniq_edmund
D:5:      layout_basic, minmay_temple_entry_overgrown, tso_altar
D:6:      layout_loops_corners, basic_altar, grunt_ministairs_2
D:7:      layout_basic, minmay_shop_grid_forest, uniq_menkaure, uniq_pikel,
          uniq_duvessa
D:8:      kennysheep_blocky_hall, layout_basic, blue_anna_alchemist
          [blue_anna_fruit_fields, blue_anna_fruit_fields]
D:9:      layout_basic, lair_entry_dummy, uniq_erica
D:10:     layout_big_octagon, uniq_maggie
D:11:     layout_cave_pods, hangedman_weighted_door, minmay_between
D:12:     layout_cave_pools, orc_0_dummy, kennysheep_big_empty_room
D:13:     layout_basic, roderic_lattice_a, uniq_snorg
D:14:     layout_small_grid, david_vaults_3, lightli_bailey_entry_fortress,
          serial_park_square3 [serial_park_minivault_5x5_5]
D:15:     hangedman_depths_entry_civil_slaughter, layout_basic,
          nicolae_gozag_cash_rules_everything_around_me, minivault_16
Temple:   nicolae_temple_no_exploring_needed
Lair:1:   dpeg_oklob_gauntlet, layout_gridlike
Lair:2:   layout_gridlike, spider_nest_entry_a, gauntlet_entry_generic,
          serial_bayou_pond_a, serial_bayou_shore_b, grunt_megastairs_3,
          serial_bayou_shore_b
Lair:3:   layout_gridlike, shoals_dummy_entry, uniq_nergalle
Lair:4:   layout_cave_pods, ebering_ghost_reflecting_pool, lemuel_oklob_altar,
          uniq_sonja, uniq_urug
Lair:5:   layout_misc_corridors, enter_volcano_4, st_stairs_4
Lair:6:   gammafunk_lair_ancient_temple, layout_hall_layers,
          minmay_slime_entry_oklob_enclosed
Shoals:1: layout_shoals, st_sunken_huts
Shoals:2: layout_shoals
Shoals:3: layout_shoals, nicolae_shoals_cliffside_cave,
          nicolae_shoals_stone_sculpture_thing, uniq_donald
Shoals:4: shoals_end_grunt_ice, layout_shoals
Spider:1: layout_chambers
Spider:2: layout_spider_delve, hangedman_spider_tarantella_strand
Spider:3: layout_spider_delve, nicolae_orb_stairs, uniq_roxanne, uniq_arachne,
          uniq_kirke
Spider:4: spider_rune_water
Slime:1:  layout_caves
Slime:2:  layout_caves, uniq_dissolution
Slime:3:  layout_caves
Slime:4:  cheibrodos_slime_lost_civilization_3, layout_caves, basic_altar
Slime:5
Orc:1:    layout_caves, portal_ice_cave_entry_pillars_1, nicolae_orc_lost_temple
Orc:2:    st_orc_elflike, layout_caves, serial_shops, shop, shop,
          nicolae_shop_stone, shop, shop, elf_legates
Elf:1:    minmay_elf_arrival_circle, layout_gridlike, serial_shops,
          nicolae_shop_window_shopping, kennysheep_underground_church,
          grunt_ministairs_9, lemuel_flame_loot_1
Elf:2:    layout_geoelf_diagonals, ebering_ghost_inner_flame, serial_shops, shop
Elf:3:    minmay_elf_hall, layout_geoelf_diagonals, lemuel_flamethrower_3,
          uniq_bai_suzhen
Depths:1: layout_gridlike, hellmouth_1, hangedman_decor_growths, abyss_entry,
          evilmike_butchery
Depths:2: gammafunk_mikee_crab_dinner, layout_long_grid, hell_entry,
          cheibriados_altar_1
Depths:3: gammafunk_sealed_arena, layout_cave_pools, enter_ziggurat_b,
          pan_entry, hell_entry, chequers_serial_rivers_micro_c, st_stairs_7,
          uniq_aizul
Depths:4: minmay_containers, layout_gridlike, grunt_mini_vestibule, abyss_entry,
          rand_demon_pan_entry_7, kennysheep_decorative_pillar, uniq_mara
Depths:5: grunt_zot_entry_funnels, layout_gridlike, hangedman_coc_ice_floe,
          grunt_decor_one_mirror, abyss_entry, lightli_corner_chamber,
          minmay_shop_grove
Hell
Zot:1:    layout_twisted_circle, hangedman_zot_decor_checkerboard
Zot:2:    layout_twisted_circle, zot_minivault_5
Zot:3:    minmay_elemental_castle, layout_cathedral_of_symmetry,
          grunt_ministairs_13
Zot:4:    layout_cathedral_of_symmetry
Zot:5:    layout_misc_corridors

Skill      XL: |  1  2  3  4  5  6  7  8  9 10 11 12 13 14 15 16 17 18 19 20 21 22 23 24 25 26 27 |
---------------+----------------------------------------------------------------------------------+-----
Throwing       | 1 2 3 4 5 6 7 10 11 13 14 16 17 18 19 20 21 22 23 24 25 26 27 | 27.0
Long Blades    | 2 |  2.0
Fighting       | 5 6 7 8 10 11 12 14 15 16 17 18 19 20 21 22 23 24 25 27 | 27.0
Shields        | 3 4 5 7 9 10 11 12 13 14 15 | 15.0
Evocations     | 1 3 4 |  4.0
Invocations    | 4 7 8 |  8.0
Armour         | 6 10 13 | 13.6
Dodging        | 3 8 14 18 20 | 20.1

Action                   |  1- 3 |  4- 6 |  7- 9 | 10-12 | 13-15 | 16-18 | 19-21 | 22-24 | 25-27 || total
-------------------------+-------+-------+-------+-------+-------+-------+-------+-------+-------++-------
Melee: Long sword        |    61 |     5 |    68 |   237 |     6 |    12 |    25 |     3 |     2 ||   419
       Dagger            |    12 |   284 |   353 |       |       |       |       |       |       ||   649
       Headbutt          |       |       |       |    17 |     4 |     4 |    14 |     2 |     3 ||    44
 Fire: Hunting sling     |       |       |       |       |   960 |   538 |   123 |       |       ||  1621
Throw: Stone             |    45 |   173 |   248 |   519 |       |       |  1744 |   282 |       ||  3011
       Boomerang         |       |       |   100 |   148 |    64 |       |     9 |       |   116 ||   437
       Javelin           |       |       |     5 |    57 |    30 |       |    37 |    23 |    80 ||   232
       Large rock        |       |       |       |    67 |    26 |   356 |    66 |   688 |   509 ||  1712
       Dart              |       |       |       |     9 |       |       |       |     8 |     9 ||    26
 Cast: Blink             |       |       |       |       |       |       |       |       |     3 ||     3
Invok: Heroism           |       |       |       |     3 |     1 |       |     1 |       |       ||     5
       Finesse           |       |       |       |       |       |       |     1 |       |     3 ||     4
Evoke: Wand              |       |       |     1 |    20 |    10 |       |       |       |       ||    31
  Use: Scroll            |       |     1 |    10 |    11 |    17 |     5 |     8 |     6 |     2 ||    60
       Potion            |       |       |       |     2 |       |     1 |     2 |     3 |     1 ||     9
  Eat: Chunk             |     1 |    11 |    15 |    30 |    23 |    18 |    18 |     8 |     4 ||   128
       Ration            |       |       |       |       |       |     1 |     8 |     2 |     6 ||    17
Armor: Robe              |    17 |    14 |    67 |       |       |       |       |       |       ||    98
       Fire dragon scale |       |       |     7 |   182 |   202 |    26 |       |       |       ||   417
       Gold dragon scale |       |       |       |       |       |    46 |   476 |    98 |    78 ||   698
Dodge: Dodged            |    27 |    76 |   118 |    98 |    65 |    42 |   121 |    42 |    44 ||   633
       Deflected         |       |       |       |       |       |       |       |       |     6 ||     6
Block: Kite shield       |    23 |   115 |   193 |   172 |       |       |       |       |       ||   503
       Tower shield      |       |       |       |   181 |   227 |   184 |  1104 |   271 |   188 ||  2155
       Reflection        |       |       |       |       |       |    17 |    51 |    18 |     6 ||    92
       Rpst.: Long sword |    12 |       |    16 |    37 |     1 |     3 |    17 |     5 |     2 ||    93

Table legend:
 A = Non-vault XP
 B = Vault XP
 C = Vault XP percentage of total XP
 D = Non-vault monster count
 E = Vault monster count
 F = Vault count percentage of total count
                 A         B        C        D         E       F
            +---------+---------+-------+---------+---------+-------
      Total |  821307 |  568376 |  40.9 |    1514 |     593 |  28.1
            +---------+---------+-------+---------+---------+-------
        D:1 |      48 |       3 |   5.9 |      22 |       2 |   8.3
        D:2 |     115 |       0 |   0.0 |      28 |       0 |   0.0
        D:3 |     159 |      53 |  25.0 |      25 |      19 |  43.2
        D:4 |     617 |     162 |  20.8 |      17 |       1 |   5.6
        D:5 |     729 |       0 |   0.0 |      19 |       0 |   0.0
        D:6 |     900 |      63 |   6.5 |      25 |       2 |   7.4
        D:7 |     681 |     972 |  58.8 |      22 |       4 |  15.4
        D:8 |    2120 |     180 |   7.8 |      32 |       3 |   8.6
        D:9 |    3006 |     929 |  23.6 |      32 |       1 |   3.0
       D:10 |    1397 |     409 |  22.6 |      18 |       1 |   5.3
       D:11 |    1901 |    1816 |  48.9 |      22 |      10 |  31.2
       D:12 |    5017 |       0 |   0.0 |      31 |       0 |   0.0
       D:13 |    5593 |    1330 |  19.2 |      32 |       2 |   5.9
       D:14 |    5637 |    7192 |  56.1 |      19 |      37 |  66.1
       D:15 |   22634 |    5634 |  19.9 |      59 |       7 |  10.6
     Lair:1 |    4032 |    2274 |  36.1 |      24 |       4 |  14.3
     Lair:2 |    5228 |    1065 |  16.9 |      26 |       4 |  13.3
     Lair:3 |    8221 |     804 |   8.9 |      18 |       1 |   5.3
     Lair:4 |    9062 |    2223 |  19.7 |      37 |       3 |   7.5
     Lair:5 |    8830 |     832 |   8.6 |      24 |       2 |   7.7
     Lair:6 |    2263 |   12391 |  84.6 |       9 |      28 |  75.7
   Shoals:1 |   12238 |    6248 |  33.8 |      26 |       9 |  25.7
   Shoals:2 |   12948 |       0 |   0.0 |      27 |       0 |   0.0
   Shoals:3 |   13846 |    2095 |  13.1 |      27 |       1 |   3.6
   Shoals:4 |   14990 |   19539 |  56.6 |      31 |      28 |  47.5
   Spider:1 |   19432 |       0 |   0.0 |      51 |       0 |   0.0
   Spider:2 |    7002 |     214 |   3.0 |      19 |       1 |   5.0
   Spider:3 |   11107 |    9808 |  46.9 |      28 |       9 |  24.3
   Spider:4 |   23913 |   27425 |  53.4 |      63 |      46 |  42.2
    Slime:1 |   15274 |       0 |   0.0 |      30 |       0 |   0.0
    Slime:2 |   12544 |   13499 |  51.8 |      16 |       1 |   5.9
    Slime:3 |   21859 |       0 |   0.0 |      42 |       0 |   0.0
    Slime:4 |   16319 |       0 |   0.0 |      19 |       0 |   0.0
    Slime:5 |   17352 |   36837 |  68.0 |      31 |      18 |  36.7
      Orc:1 |    6296 |       0 |   0.0 |      45 |       0 |   0.0
      Orc:2 |    2833 |   13884 |  83.1 |      37 |      35 |  48.6
      Elf:1 |   22575 |    6716 |  22.9 |      37 |      12 |  24.5
      Elf:2 |   19350 |   24584 |  56.0 |      27 |      30 |  52.6
      Elf:3 |   15627 |   45618 |  74.5 |      24 |      24 |  50.0
   Depths:1 |   20993 |    1046 |   4.7 |      29 |       4 |  12.1
   Depths:2 |   45935 |    6559 |  12.5 |      57 |      12 |  17.4
   Depths:3 |   31665 |    2625 |   7.7 |      40 |       2 |   4.8
   Depths:4 |   68794 |   34232 |  33.2 |      74 |      25 |  25.3
   Depths:5 |   29347 |   23746 |  44.7 |      31 |      17 |  35.4
       Hell |   17745 |   38726 |  68.6 |      17 |      53 |  75.7
      Zot:1 |   44034 |       0 |   0.0 |      24 |       0 |   0.0
      Zot:2 |   31962 |   18835 |  37.1 |      16 |      11 |  40.7
      Zot:3 |   49910 |   38364 |  43.5 |      33 |      20 |  37.7
      Zot:4 |   84104 |       0 |   0.0 |      47 |       0 |   0.0
      Zot:5 |   43123 |  147476 |  77.4 |      25 |      38 |  60.3
      Sewer |       0 |     143 | 100.0 |       0 |      20 | 100.0
     Bailey |       0 |    2433 | 100.0 |       0 |      18 | 100.0
      IceCv |       0 |    3233 | 100.0 |       0 |      11 | 100.0
    Volcano |       0 |    3062 | 100.0 |       0 |       9 | 100.0
   Gauntlet |       0 |    3097 | 100.0 |       0 |       8 | 100.0
            +---------+---------+-------+---------+---------+-------
